 Dungeon Crawl Stone Soup version 0.18.1-8-gdd0e5ea (webtiles) character file.

53 Mefis the Magician (level 3, -1/19 HPs)
             Began as a Deep Elf Wizard on May 22, 2016.
             Slain by a worm (10 damage)
             ... on level 2 of the Dungeon.
             The game lasted 00:05:18 (2107 turns).

Mefis the Magician (Deep Elf Wizard)                Turns: 2107, Time: 00:05:18

Health: -1/19      AC:  2    Str:  4    XL:     3   Next: 62%
Magic:  2/11       EV: 13    Int: 23    God:
Gold:   58         SH:  0    Dex: 13    Spells: 5 memorised, 1 level left

rFire  . . .     SeeInvis .     k - +0 spear
rCold  . . .     Gourm    .     a - +0 robe
rNeg   . . .     Faith    .     (no shield)
rPois  .         Spirit   .     b - +0 hat
rElec  .         Dismiss  .     (no cloak)
rCorr  .         Reflect  .     (no gloves)
SustAt .         Harm     .     (no boots)
MR     .....                    (no amulet)
Stlth  ++........               (no ring)
                                (no ring)

@: repel missiles, not resistant to hostile enchantments, unstealthy
A: no striking features
a: no special abilities


You were on level 2 of the Dungeon.
You were hungry.

You visited 1 branch of the dungeon, and saw 2 of its levels.

You collected 58 gold pieces.

Inventory:

Hand Weapons
 k - a +0 spear (weapon)
Missiles
 l - 3 javelins (quivered)
Armour
 a - a +0 robe (worn)
 b - a +0 hat (worn)
Scrolls
 e - 2 scrolls of remove curse {unknown}
 f - a scroll of random uselessness {unknown}
 h - a scroll of noise {unknown}
 j - a scroll of enchant weapon {unknown}
Potions
 g - a potion of curing {unknown}
 i - a potion of mutation {unknown}
 n - a potion of resistance {unknown}
Books
 c - a book of Minor Magic

   Spells                             Type                      Level
   a - Magic Dart                     Conjuration                  1
   b - Blink                          Translocation                2
   c - Call Imp                       Summoning                    2
   d - Repel Missiles                 Charms/Air                   2
   e - Slow                           Hexes                        2
   f - Conjure Flame                  Conjuration/Fire             3
   g - Mephitic Cloud                 Conjuration/Poison/Air       3
Comestibles
 d - a bread ration
 m - a meat ration
 o - a beef jerky


   Skills:
 * Level 3.4 Dodging
 + Level 3.1 Stealth
 + Level 4.6 Spellcasting
 * Level 1.9 Conjurations
 + Level 1.5 Summonings
 - Level 1.1 Translocations
 * Level 0.7 Poison Magic


You had one spell level left.
You knew the following spells:

 Your Spells              Type           Power        Failure   Level  Hunger
a - Magic Dart            Conj           ##..         4%          1    None
b - Call Imp              Summ           ##......     10%         2    None
c - Blink                 Tloc           N/A          12%         2    None
d - Repel Missiles        Chrm/Air       #.....       17%         2    None
e - Mephitic Cloud        Conj/Pois/Air  #.......     21%         3    ##.....


Dungeon Overview and Level Annotations

Branches:
Dungeon (2/15)

Altars:


Message History

Attack whom?
Press: ? - help, Dir - move target cursor, f/p - worm
Aim: a worm (lightly wounded)
You could not reach far enough!
Your crimson imp hits the worm.
Attack whom?
Press: ? - help, Dir - move target cursor, f/p - worm
Aim: a worm (moderately wounded)
You could not reach far enough!
The worm bites your crimson imp!
Your crimson imp hits the worm.
Attack whom?
Press: ? - help, Dir - move target cursor, f/p - worm
Aim: a worm (heavily wounded)
You could not reach far enough!
Your crimson imp blinks!
You swap places.
The worm bites your crimson imp!
Your crimson imp dies!
The worm bites you!
Ouch! That really hurt!
You die...

#######################
#.....@w........†......
#.#####################
#.# ######.## #.......#
#.......# #.......#
#.......# #.......#


You could see a worm.

Vanquished Creatures
  An adder (D:2)
  An ooze (D:1)
  A worm (D:1)
  A giant gecko (D:1)
  2 ball pythons
  4 bats
  A giant cockroach (D:1)
  4 goblins (D:1)
  6 jackals (D:1)
  3 kobolds (D:1)
  A quokka (D:2)
  2 giant newts
  6 rats
33 creatures vanquished.

Vanquished Creatures (collateral kills)
  A worm (D:1)
1 creature vanquished.

Grand Total: 34 creatures vanquished

Notes
Turn   | Place    | Note
--------------------------------------------------------------
     0 | D:1      | Mefis the Deep Elf Wizard began the quest for the Orb.
     0 | D:1      | Reached XP level 1. HP: 10/10 MP: 7/7
   190 | D:1      | Reached XP level 2. HP: 15/15 MP: 5/9
   372 | D:1      | Learned a level 2 spell: Call Imp
   375 | D:1      | Learned a level 2 spell: Blink
   378 | D:1      | Learned a level 2 spell: Repel Missiles
  1014 | D:1      | Reached XP level 3. HP: 5/19 MP: 0/11
  1019 | D:1      | Learned a level 3 spell: Mephitic Cloud
  2107 | D:2      | Slain by a worm

Skill      XL: |  1  2 |
---------------+-------+-----
Dodging        | 3 |  3.4
Stealth        | 3 |  3.1
Spellcasting   | |  4.6
Conjurations   | |  1.9
Summonings     | |  1.5
Translocations | |  1.1
Poison Magic   | |  0.7

Action                   || total
-------------------------++-------
Melee: Unarmed           ||    21
       Spear             ||    10
 Cast: Magic Dart        ||   101
       Call Imp          ||     4
       Repel Missiles    ||     1
 Stab: Sleeping          ||     1
  Eat: Chunk             ||     3
Armor: Robe              ||     8
Dodge: Dodged            ||    29
